Map: Lerilak Crest

Players

Nerchio - Winner!

  • Race: Zerg Zerg
  • League: Diamond

whaleslapper

  • Race: Terran Terran
  • League: Grandmaster

Event: Lycan League Weekly August #3

VOD

Have the link to the VOD?

Description

Time

  • Played on: Aug. 17, 2015, 1:43 p.m.
  • Length: 7:15

All games in this series

Show
View Real Time Build Order
Export as new Build Order

Nerchio Zerg - Winner!

Build Orders: Hatch First 

Get SALT Encoding   

  12  0:01  Drone  
  13  0:12  Overlord  
  13  0:17  Drone  
  14  0:30  Drone x2  
  14  0:34  Drone  
  17  0:52  Hatchery  
  17  0:54  Drone  
  17  0:59  Drone, Extractor  
  17  1:14  Spawning Pool  
  17  1:17  Drone  
  17  1:20  Drone  
  18  1:28  Drone  
  19  1:38  Overlord  
  19  1:50  Drone  
  20  2:00  Queen  
  22  2:01  Zergling x2  
  22  2:02  Metabolic Boost  
  22  2:05  Queen  
  25  2:09  Zergling x2  
  25  2:13  Drone  
  25  2:15  Drone  
  28  2:25  Drone  
  28  2:26  Drone  
  30  2:32  Drone  
  31  2:46  Drone x2  
  31  2:47  Drone  
  33  2:55  Hatchery, Overlord  
  31  2:59  Drone  
  31  3:00  Queen  
  34  3:10  Zergling x4  
  36  3:13  Zergling x4  
  36  3:14  Zergling x4  
  36  3:17  Drone x2  
  43  3:20  Drone  
  43  3:25  Overlord  
  43  3:27  Drone  
  44  3:35  Roach Warren, Drone  
  44  3:45  Drone x5  
  44  3:46  Drone  
  50  3:54  Drone  
  50  3:55  Drone  
  52  3:56  Overlord  
  52  3:59  Overlord  
  52  4:04  Overlord  
  52  4:15  Roach x5, Extractor  
  61  4:18  Roach  
  61  4:20  Overlord  
  63  4:28  Roach x3  
  69  4:32  Overlord  
  69  4:34  Drone x2  
  69  4:35  Drone  
  71  4:42  Drone  
  71  4:43  Drone x2  
  74  4:46  Drone x2  
  74  4:47  Drone x3  
  74  4:49  Drone  
  77  4:54  Drone  
  80  5:00  Roach x2  
  80  5:04  Spore Crawler  
  77  5:07  Spore Crawler  
  77  5:08  Roach  
  77  5:09  Roach x2  
  73  5:16  Drone  
  73  5:19  Drone  
  73  5:20  Drone  
  73  5:21  Drone x2  
  71  5:22  Drone  
  71  5:24  Drone  
  71  5:26  Drone  
  72  5:29  Drone  
  72  5:32  Drone  
  72  5:35  Drone x2  
  76  5:37  Drone  
  76  5:38  Drone  
  76  5:40  Drone  
  75  5:44  Drone  
  75  5:46  Drone  
  75  5:49  Queen  
  75  5:54  Queen  
  77  5:58  Zergling x6  
  77  6:02  Zergling x2  
  81  6:06  Zergling x2  
  82  6:11  Zergling x2  
  82  6:16  Zergling x4  
  85  6:19  Zergling x2  
  85  6:24  Zergling x2  
  85  6:25  Zergling x4  
  87  6:26  Zergling x4  
  87  6:28  Zergling x2  
  86  6:36  Drone x6  
  86  6:39  Drone x2  
  88  6:40  Drone x3  
  88  6:43  Drone  
  88  6:46  Extractor  
  88  6:48  Drone  
  88  6:51  Drone  
  88  6:53  Extractor  
  88  6:54  Extractor  
  77  7:03  Drone  
  79  7:13  Extractor  
Show
View Real Time Build Order
Export as new Build Order

whaleslapper Terran 

Build Orders: Reaper Expand 

Get SALT Encoding   

  12  0:01  SCV  
  13  0:13  SCV  
  14  0:18  Supply Depot  
  14  0:25  SCV  
  15  0:39  SCV  
  15  0:41  Barracks  
  16  0:45  Refinery  
  16  0:51  SCV  
  17  1:04  SCV  
  18  1:16  SCV  
  19  1:28  Reaper  
  19  1:29  Orbital Command  
  20  1:43  Command Center  
  20  1:55  Supply Depot  
  20  1:56  SCV  
  21  2:01  Barracks Reactor  
  21  2:08  SCV  
  22  2:20  SCV  
  22  2:22  Factory  
  23  2:32  SCV  
  24  2:42  Marine x2  
  26  2:47  SCV  
  27  2:54  Command Center  
  27  2:56  Orbital Command  
  27  3:02  Marine x2  
  30  3:05  SCV  
  30  3:09  Starport  
  30  3:15  Refinery  
  30  3:17  SCV  
  31  3:24  SCV  
  32  3:29  SCV, Hellion  
  32  3:30  Hellion  
  32  3:31  Marine  
  38  3:38  SCV  
  38  3:39  Supply Depot  
  39  3:46  Medivac  
  41  3:49  Widow Mine, Marine  
  41  3:51  Widow Mine  
  46  4:01  SCV  
  47  4:02  Supply Depot  
  47  4:04  SCV  
  47  4:08  Orbital Command  
  48  4:13  SCV  
  48  4:15  Barracks Tech Lab  
  48  4:16  SCV  
  48  4:17  Viking  
  52  4:25  SCV  
  52  4:27  Hellion x2  
  52  4:28  SCV  
  57  4:37  SCV  
  57  4:38  SCV  
  57  4:40  SCV  
  57  4:45  Stimpack  
  59  4:49  SCV, Widow Mine  
  59  4:50  SCV, Marauder  
  60  4:53  SCV  
  59  5:01  SCV  
  59  5:03  SCV  
  59  5:05  SCV  
  60  5:11  Marauder  
  60  5:12  Hellion  
  60  5:13  SCV  
  64  5:15  SCV  
  64  5:17  SCV  
  59  5:25  SCV  
  59  5:27  SCV  
  57  5:29  SCV  
  57  5:32  Marauder  
  54  5:38  SCV  
  54  5:39  SCV  
  54  5:41  SCV  
  45  5:50  SCV  
  45  5:53  Factory Reactor  
  45  5:54  Marauder  
  48  6:00  SCV  
  48  6:02  Barracks  
  49  6:04  Barracks  
  49  6:07  SCV  
  50  6:12  SCV  
  50  6:15  Marauder  
  50  6:18  SCV  
  54  6:20  SCV  
  54  6:24  SCV  
  54  6:30  SCV  
  54  6:32  SCV  
  56  6:37  SCV  
  55  6:41  Marauder  
  55  6:42  SCV  
  55  6:44  SCV  
  54  6:49  SCV  
  50  6:54  SCV  
  50  6:56  SCV  
  50  6:57  Factory Reactor, Marine  
  50  7:01  SCV  

Tags
 
Add a new tag
Caveats
  • Supply blocks, unpowered buildings, or Contaminate may cause inaccurate times.
  • Supply counts are checked every 10 seconds.